 Dungeon Crawl Stone Soup version 0.25-a0-737-g26c3a87c45 (webtiles) character file.

Game seed: 2316508765636686228, levelgen mode: deterministic

93835 Maedhros the Covert (level 16, -2/108 (109) HPs)
             Began as an Octopode Artificer on Apr 11, 2020.
             Was an Elder of Cheibriados.
             Slain by a shambling mangrove (8 damage)
             ... on level 2 of the Swamp on Apr 12, 2020.
             The game lasted 01:53:16 (14576 turns).

Maedhros the Covert (Octopode Artificer)           Turns: 14576, Time: 01:53:17

HP:   -2/108 (109)  AC:  1    Str: 19    XL:     16   Next: 9%
MP:   9/24          EV: 26    Int: 24    God:    Cheibriados [****..]
Gold: 99            SH:  0    Dex: 28    Spells: 3/26 levels left

rFire    + . .     SeeInvis +     - Unarmed
rCold    + + +     Gourm    .   (shield currently unavailable)
rNeg     + . .     Faith    .   (helmet restricted)
rPois    +         Spirit   .   i - amulet of magic regeneration
rElec    .         Reflect  .   p - +3 ring of slaying
rCorr    .         Harm     .   v - ring "Leomuz" {rF+ MR+ Int+4}
MR       ++...     Rnd*Tele +   F - ring of poison resistance
Stlth    +++++++...             w - ring of ice
HPRegen  0.28/turn              P - +2 ring of evasion
MPRegen  0.44/turn              o - +3 ring of slaying
                                Z - ring "Baseysas" {rPois rF+ rC+++ Str-4 Int-3}
                                K - ring of positive energy

@: blade tentacles, grasped by roots, constricted, very slow
A: almost no armour, stealthy swim, amphibious, 8 rings, constrict 8, antennae
1, camouflage 1, see invisible, teleportitis 1, gelatinous body 1
a: End Transformation, Bend Time, Temporal Distortion, Slouch, Renounce Religion


You were on level 2 of the Swamp.
You worshipped Cheibriados.
Cheibriados was greatly pleased with you.
You were very hungry.
You had blades for tentacles.
You visited 5 branches of the dungeon, and saw 26 of its levels.
You also visited: Sewer, Gauntlet and Ice Cave.

You collected 1877 gold pieces.
You spent 1778 gold pieces at shops.

Inventory:

Hand Weapons
 m - a +5 hunting sling of freezing
Missiles
 e - 5 curare-tipped darts
 n - 460 stones (quivered)
 r - 3 silver javelins
 H - 22 javelins
 J - 12 silver boomerangs
Armour
 X - a +2 buckler of positive energy (melded)
Magical Staves
 E - an uncursed staff of earth
Jewellery
 i - an amulet of magic regeneration (around mantle)
 o - a +3 ring of slaying (on tentacle)
 p - a +3 ring of slaying (left scythe-like blade)
 v - the ring "Leomuz" (right scythe-like blade) {rF+ MR+ Int+4}
   (You found it on level 4 of the Dungeon)

   [ring of protection from fire]

   It affects your intelligence (+4).
   It protects you from fire.
   It affects your resistance to hostile enchantments.
 w - a ring of ice (on tentacle)
 F - a ring of poison resistance (on tentacle)
 K - a ring of positive energy (on tentacle)
 P - a +2 ring of evasion (on tentacle)
 Q - an uncursed ring of protection from cold
 Y - an uncursed amulet of faith {unknown}
 Z - the ring "Baseysas" (on tentacle) {rPois rF+ rC+++ Str-4 Int-3}
   (You found it in a Gauntlet)

   [ring of poison resistance]

   It affects your strength (-4).
   It affects your intelligence (-3).
   It protects you from fire.
   It renders you almost immune to cold.
   It protects you from poison.
Wands
 a - a wand of flame (15)
 j - a wand of digging (7)
 q - a wand of acid (6)
 u - a wand of polymorph (8)
 N - a wand of iceblast (8)
 O - a wand of clouds (2)
 S - a wand of scattershot (11)
Scrolls
 h - 5 scrolls of magic mapping
 y - 7 scrolls of fog
 A - a scroll of blinking
 B - 12 scrolls of teleportation
 C - 5 scrolls of enchant armour
 D - 2 scrolls of immolation
 W - 2 scrolls of summoning
Potions
 c - 5 potions of curing
 g - 7 potions of stabbing
 k - 6 potions of brilliance
 l - 2 potions of magic
 t - 4 potions of flight
 x - a potion of lignification
 z - 2 potions of invisibility
 I - 2 potions of cancellation
 R - 2 potions of might
 T - a potion of heal wounds
 V - 2 potions of ambrosia
Miscellaneous
 b - a phantom mirror
 d - a lightning rod (4/4)
 M - a phial of floods
Comestibles
 f - 18 rations


   Skills:
 - Level 10.0 Fighting
   Level 1.0 Short Blades
 + Level 5.8 Slings
 - Level 13.0 Dodging
 + Level 13.3 Stealth
 - Level 4.0 Shields
 - Level 10.0 Unarmed Combat
 - Level 5.5 Spellcasting
 - Level 4.0 Conjurations
 * Level 2.1 Hexes
 + Level 10.7 Transmutations
 - Level 4.1 Air Magic
 - Level 8.2 Poison Magic
 - Level 6.0 Invocations
 - Level 8.3 Evocations


You had 3 spell levels left.
You knew the following spells:

 Your Spells              Type           Power        Failure   Level  Hunger
a - Mephitic Cloud        Conj/Pois/Air  ####....     24%         3    #......
b - Call Imp              Summ           #.......     52%         2    None
c - Spider Form           Tmut/Pois      ######....   12%         3    #......
d - Blade Hands           Tmut           ######....   24%         5    #####..
e - Yara's Violent Unrav  Hex/Tmut       #####.....   58%         5    #####..
f - Metabolic Englaciati  Hex/Ice        ###.......   98%         5    #####..

Your spell library contained the following spells:

 Spells                   Type           Power        Failure   Level  Hunger
 Beastly Appendage        Tmut           ######       7%          1    None
 Sticks to Snakes         Tmut           ######..     8%          2    None
 Magic Dart               Conj           ####         19%         1    None
 Shock                    Conj/Air       ####         19%         1    None
 Foxfire                  Conj/Fire      ###.         28%         1    None
 Static Discharge         Conj/Air       ####....     32%         3    #......
 Slow                     Hex            ###.....     34%         2    None
 Swiftness                Chrm/Air       ###.....     34%         2    None
 Confusing Touch          Hex            ###.....     47%         3    #......
 Conjure Flame            Conj/Fire      ###.....     47%         3    #......
 Blink                    Tloc           N/A          52%         2    None
 Inner Flame              Hex/Fire       ##......     56%         3    #......
 Gell's Gravitas          Tloc           #.........   69%         3    #......
 Ice Form                 Ice/Tmut       #####...     45%         4    ###....
 Petrify                  Tmut/Erth      ####....     45%         4    ###....
 Airstrike                Air            ####......   56%         4    ###....
 Sticky Flame             Conj/Fire      ###.....     78%         4    ###....
 Lightning Bolt           Conj/Air       ####......   82%         5    #####..
 Fireball                 Conj/Fire      ###.......   96%         5    #####..


Dungeon Overview and Level Annotations

Branches:
Dungeon (15/15)            Temple (1/1) D:7            Lair (6/6) D:10
  Swamp (2/4) Lair:4        Slime (0/5) Lair:5          Orc (2/2) D:9
    Elf (0/3) Orc:2        Depths (0/5) D:15          Sewer (visited)
  IceCv (visited)         Gauntlet (visited)
  Snake: Lair:2-4    Spider: Lair:2-4    Vaults: D:13-14

Altars:
Ashenzari
Cheibriados
Dithmenos
Elyvilon
Fedhas
Gozag
Kikubaaqudgha
Makhleb
Nemelex Xobeh
Okawaru
Qazlal
Ru
Sif Muna
Trog
Uskayaw
Vehumet
Wu Jian
Xom
Yredelemnul
Zin
The Shining One
Beogh
Jiyva

Shops:
D:4 }   Orc:2 :![}

Annotations:
D:4 Robin
Orc:1 1 runed translucent door, Ruihekhla's ghost, journeyman FoFi


Innate Abilities, Weirdness & Mutations

You cannot wear most types of armour.
You are very stealthy in the water. (Stealth+)
You are amphibious.
You can wear up to eight rings at the same time.
You can use your tentacles to constrict eight enemies at once.
Your skin changes colour to match your surroundings (Stealth+).
Your rubbery body absorbs attacks. (AC +1, EV +1)
You have a pair of small antennae on your head.
You have supernaturally acute eyesight. (SInv)
You are occasionally teleported next to monsters.


Message History

Unknown command.
Unknown command.
There isn't anything here!
Unknown command.
You can feel time thicken for a moment.
You kill the alligator!
Cheibriados appreciates the change of pace.
Your Hexes skill increases to level 2!
You feel somewhat more hungry.
You can no longer step out of the flow of time.
Cheibriados lowers the support of your attributes as your movement quickens.
A hornet comes into view.
Unknown command.
Unknown command.
Unknown command.
Unknown command.
The roots' grasp on you weakens, but your attempt to escape fails.
The shambling mangrove hits you!!
* * * LOW HITPOINT WARNING * * *
You die...

♣.. ♣..
≈..≈
≈≈...
♣....♣
♣..≈..♣
§..≈.yf♣♣
♣..$.†.@♣
♣♣..≈♣††♣
♣. ≈D≈.♣
.≈.F.≈♣
♣≈..♣♣≈.
♣♣§≈ §.♣
♣. ♣♣♣ ♣.


You could see a shambling mangrove, a swamp dragon (wandering), a spiny frog and
a hornet.

Vanquished Creatures
  An orc warlord (Orc:2)
  A very ugly thing (Swamp:1)
  Azrael (D:15)
  A minotaur (Gauntlet)
  A death ooze (Gauntlet)
  7 hydras
  Erica (Orc:1)
  2 centaur warriors
  7 alligators
  4 two-headed ogres
  A tengu warrior (D:15)
  An ogre mage (Orc:2)
  An unseen horror (D:14)
  2 swamp dragons (Swamp:1)
  An orc knight (Orc:2)
  2 wolf spider zombies (D:15)
  A necromancer (IceCv)
  10 orc sorcerers (Orc:2)
  4 cyclopes
  5 oklob plants (Lair:6)
  2 ugly things (D:12)
  2 ice statues (IceCv)
  3 centaur zombies
  16 elephants
  3 black mambas
  31 spiny frogs
  2 rime drakes
  15 komodo dragons
  A freezing wraith (D:11)
  11 ice devils (IceCv)
  A tengu conjurer (D:15)
  5 trolls
  6 hornets
  7 hippogriffs
  8 tyrant leeches
  28 blink frogs
  5 dream sheep (Lair:6)
  5 slime creatures
  A meliai zombie (D:14)
  3 shadows
  2 spriggans (Swamp:1)
  2 fire elementals (D:15)
  25 yaks
  A wraith (D:11)
  3 fire bats (Gauntlet)
  3 wyverns
  A basilisk (Lair:3)
  A hungry ghost (D:8)
  6 vampire mosquitoes (Lair:6)
  3 insubstantial wisps (Swamp:1)
  5 swamp worms
  5 wargs
  A soldier ant (D:14)
  2 acid dragons
  16 water moccasins
  7 hell hounds
  4 porcupines
  4 swamp drakes
  3 phantoms
  5 sky beasts
  An eye of draining (D:12)
  3 black bears
  11 ogres
  26 orc warriors
  11 ice beasts
  5 wolves (Lair:4)
  17 centaurs
  12 crocodiles
  A big kobold (D:7)
  26 bullfrogs
  Blork the orc (D:6)
  A gnoll sergeant (D:8)
  5 scorpions
  9 killer bees (D:10)
  4 wights (D:11)
  2 electric eels (Lair:6)
  7 howler monkeys
  2 vampire bats (D:2)
  2 lava snakes (D:8)
  3 crimson imps
  3 bullfrog zombies
  4 hounds
  2 quasits
  3 draconian simulacra (IceCv)
  16 orc priests
  3 centaur skeletons
  4 jellies
  A gnoll shaman (Orc:1)
  25 orc wizards
  2 bullfrog skeletons
  7 iguanas
  2 troll simulacra (IceCv)
  10 worker ants
  2 centaur simulacra (IceCv)
  2 hound skeletons
  A worker ant zombie (D:5)
  16 gnolls
  2 ogre simulacra (IceCv)
  15 adders
  A naga simulacrum (IceCv)
  A shadow imp (D:8)
  11 oozes (Sewer)
  An adder zombie (D:9)
  5 worms
  2 dart slugs
  12 leopard geckos
  122 orcs
  14 ball pythons
  2 bat skeletons (D:2)
  2 bat zombies (D:2)
  13 giant cockroaches
  13 goblins
  9 hobgoblins
  15 jackals
  7 kobolds
  A quokka (D:5)
  6 bats
  20 frilled lizards
  A leopard gecko skeleton (D:8)
  7 rats
  A butterfly (Lair:6)
  A fungus (Lair:6)
  3 plants (Lair:6)
847 creatures vanquished.

Vanquished Creatures (collateral kills)
  An ogre (D:4)
  An orc wizard (D:7)
  An ooze (D:3)
  2 orcs (D:7)
  A giant cockroach (D:4)
  A quokka (D:4)
7 creatures vanquished.

Vanquished Creatures (others)
  A hell hog (Gauntlet)
  A death drake (shapeshifter) (D:15)
  A hippogriff (D:15)
  Prince Ribbit (D:7)
  An electric eel (D:8)
  A worker ant (D:8)
  An ooze (D:3)
  An orc (Orc:2)
  2 bushes (Lair:6)
  17 fungi (Lair:6)
  54 plants (Lair:6)
81 creatures vanquished.

Grand Total: 935 creatures vanquished

Notes
Turn   | Place    | Note
-------+----------+-------------------------------------------
     0 | D:1      | Maedhros the Octopode Artificer began the quest for the
                  | Orb.
     0 | D:1      | Reached XP level 1. HP: 13/13 MP: 3/3
   116 | D:1      | Reached XP level 2. HP: 9/18 MP: 4/4
   160 | D:2      | Found a sparkling altar of Nemelex Xobeh.
   176 | D:2      | You fall into a shaft and drop 1 floor!
   183 | D:3      | Reached XP level 3. HP: 14/23 MP: 5/5
   334 | D:3      | Reached skill level 5 in Stealth
   397 | D:4      | Found Caakuamp's Gadget Boutique.
   414 | D:4      | Reached skill level 1 in Unarmed Combat
   414 | D:4      | Reached XP level 4. HP: 16/28 MP: 6/6
   440 | D:4      | Noticed an ogre
   456 | D:4      | Killed an ogre
   456 | D:4      | Reached XP level 5. HP: 24/33 MP: 7/7
   474 | D:4      | Found a shadowy altar of Dithmenos.
   474 | D:4      | Found an iron altar of Okawaru.
   474 | D:4      | Found a blossoming altar of Fedhas.
   482 | D:4      | Found a stormy altar of Qazlal.
   482 | D:4      | Found a sacrificial altar of Ru.
   536 | D:4      | Noticed an ogre
   671 | D:4      | Reached XP level 6. HP: 23/38 MP: 8/8
   724 | D:4      | Got an ancient bone ring
   725 | D:4      | Identified the ring "Leomuz" {rF+ MR+ Int+4} (You found it
                  | on level 4 of the Dungeon)
   741 | D:4      | Learned a level 3 spell: Mephitic Cloud
   892 | D:4      | Noticed Robin
   956 | D:5      | Entered Level 5 of the Dungeon
  1168 | D:5      | Reached skill level 1 in Poison Magic
  1179 | D:5      | Noticed an ice beast
  1185 | D:5      | Killed an ice beast
  1185 | D:5      | Reached skill level 1 in Conjurations
  1185 | D:5      | Reached skill level 1 in Air Magic
  1252 | D:5      | Found a glowing drain.
  1256 | Sewer    | Entered a sewer
  1291 | Sewer    | Learned a level 2 spell: Call Imp
  1340 | Sewer    | Reached XP level 7. HP: 40/43 MP: 9/9
  1875 | D:6      | Found a white marble altar of Elyvilon.
  1922 | D:6      | Noticed Blork the orc
  1944 | D:6      | Reached XP level 8. HP: 35/50 MP: 10/10
  1978 | D:6      | Killed Blork the orc
  1990 | D:6      | Found a basalt altar of Yredelemnul.
  2243 | D:7      | Noticed Prince Ribbit
  2306 | D:7      | Noticed a hippogriff
  2312 | D:7      | Killed a hippogriff
  2312 | D:7      | Reached skill level 5 in Unarmed Combat
  2416 | D:7      | Found a sparkling altar of Nemelex Xobeh.
  2427 | D:7      | Your ally died
  2436 | D:7      | Found a staircase to the Ecumenical Temple.
  2442 | Temple   | Entered the Ecumenical Temple
  2483 | Temple   | Became a worshipper of Cheibriados the Contemplative
  2773 | D:4      | Bought a wand of paralysis (6) for 96 gold pieces
  3046 | D:2      | Reached * piety under Cheibriados
  3142 | D:2      | Found an ancient bone altar of Kikubaaqudgha.
  3329 | D:2      | Reached XP level 9. HP: 56/56 MP: 11/11
  3585 | D:3      | Reached ** piety under Cheibriados
  3802 | D:3      | Found a shimmering blue altar of Sif Muna.
  4205 | D:8      | Found an opulent altar of Gozag.
  4271 | D:8      | Reached *** piety under Cheibriados
  4271 | D:8      | Reached skill level 1 in Slings
  4549 | D:8      | Learned a level 3 spell: Spider Form
  4591 | D:8      | Reached skill level 1 in Transmutations
  4636 | D:8      | Reached **** piety under Cheibriados
  4640 | D:8      | Noticed a two-headed ogre
  4658 | D:8      | Killed a two-headed ogre
  4658 | D:8      | Reached XP level 10. HP: 46/63 MP: 4/12
  4915 | D:9      | Found a hide-covered altar of Uskayaw.
  5159 | D:9      | Reached ***** piety under Cheibriados
  5334 | D:9      | Found a roughly hewn altar of Beogh.
  5354 | D:9      | Reached skill level 1 in Invocations
  5374 | D:9      | Reached skill level 1 in Spellcasting
  5374 | D:9      | Reached skill level 5 in Transmutations
  5432 | D:9      | Found a staircase to the Orcish Mines.
  5506 | D:10     | Entered Level 10 of the Dungeon
  5543 | D:10     | You fall into a shaft and drop 1 floor!
  5684 | D:10     | Reached XP level 11. HP: 66/69 MP: 12/14
  5692 | D:10     | Learned a level 5 spell: Blade Hands
  5699 | D:10     | Reached skill level 5 in Slings
  5867 | D:10     | Found a sacrificial altar of Ru.
  6011 | D:11     | Reached skill level 10 in Unarmed Combat
  6105 | D:11     | Reached ****** piety under Cheibriados
  6138 | D:11     | Noticed a two-headed ogre
  6161 | D:11     | Killed a two-headed ogre
  6294 | D:12     | Noticed a cyclops
  6294 | D:12     | Noticed a green ugly thing
  6391 | D:10     | Found a staircase to the Lair.
  6402 | D:10     | Reached skill level 5 in Invocations
  6812 | D:11     | Upgraded the game from 0.25-a0-734-g73332aeda9 to
                  | 0.25-a0-737-g26c3a87c45
  6876 | Orc:1    | Entered Level 1 of the Orcish Mines
  6975 | Orc:1    | Found a roughly hewn altar of Beogh.
  6984 | Orc:1    | Found a roughly hewn altar of Beogh.
  6991 | Orc:1    | Found a runed translucent door.
  6996 | Orc:1    | Noticed Ruihekhla's ghost (journeyman FoFi)
  6998 | Orc:1    | Found the +8 mithril axe "Arga" {speed, MR+}
  7050 | Orc:2    | Entered Level 2 of the Orcish Mines
  7132 | Orc:2    | Reached skill level 5 in Dodging
  7307 | D:12     | Reached skill level 5 in Fighting
  7318 | D:12     | Noticed a five-headed hydra
  7371 | D:12     | Killed a cyclops
  7371 | D:12     | Reached XP level 12. HP: 77/77 MP: 11/16
  7501 | D:12     | Noticed a centaur warrior
  7504 | D:12     | Killed a centaur warrior
  7504 | D:12     | Reached skill level 5 in Evocations
  7696 | D:13     | Noticed a vault guard
  7777 | D:13     | Noticed a two-headed ogre
  7784 | D:13     | Killed a two-headed ogre
  8032 | D:14     | Noticed a centaur warrior
  8039 | D:14     | Killed a centaur warrior
  8105 | D:14     | Noticed a catoblepas
  8155 | D:14     | Noticed a two-headed ogre
  8161 | D:14     | Killed a two-headed ogre
  8174 | D:14     | Found an iron altar of Okawaru.
  8277 | D:15     | Entered Level 15 of the Dungeon
  8277 | D:15     | Found a stormy altar of Qazlal.
  8364 | D:15     | Noticed Azrael
  8371 | D:15     | Killed Azrael
  8371 | D:15     | Reached XP level 13. HP: 86/86 MP: 14/18
  8389 | D:15     | Found a frozen archway.
  8401 | D:15     | Reached skill level 10 in Dodging
  8408 | IceCv    | Entered an ice cave
  8970 | D:15     | HP: 2/88 [wolf spider zombie (9)]
  9036 | D:14     | Gained mutation: You have supernaturally acute eyesight.
                  | (SInv) [potion of mutation]
  9036 | D:14     | Gained mutation: You are occasionally teleported next to
                  | monsters. [potion of mutation]
  9036 | D:14     | Gained mutation: You have a pair of small antennae on your
                  | head. [potion of mutation]
  9504 | Lair:1   | Entered Level 1 of the Lair of Beasts
  9942 | Lair:3   | Reached skill level 5 in Poison Magic
 10079 | Lair:2   | You fall into a shaft and drop 1 floor!
 10148 | Lair:4   | Reached XP level 14. HP: 57/95 MP: 17/20
 10207 | Lair:4   | Reached skill level 1 in Shields
 10503 | Lair:4   | Found a staircase to the Swamp.
 10668 | Lair:5   | Learned a level 5 spell: Yara's Violent Unravelling
 10701 | Lair:5   | Found a viscous altar of Jiyva.
 10702 | Lair:5   | Found a staircase to the Slime Pits.
 10749 | Lair:6   | Entered Level 6 of the Lair of Beasts
 10761 | Lair:6   | Reached skill level 10 in Stealth
 11055 | Lair:6   | Found a gate leading to a gauntlet.
 11059 | Lair:6   | Reached skill level 5 in Spellcasting
 11075 | Gauntlet | Entered a Gauntlet
 11075 | Gauntlet | Found a transporter.
 11078 | Gauntlet | Found a transporter.
 11080 | Gauntlet | Found a transporter.
 11096 | Gauntlet | Found a transporter.
 11112 | Gauntlet | Found a transporter.
 11126 | Gauntlet | Found a transporter.
 11139 | Gauntlet | Found a transporter.
 11151 | Gauntlet | Found a transporter.
 11152 | Gauntlet | Found a transporter.
 11155 | Gauntlet | Found a transporter.
 11156 | Gauntlet | Found a transporter.
 11160 | Gauntlet | Found a runed translucent door.
 11162 | Gauntlet | Found a runed translucent door.
 11168 | Gauntlet | Found a transporter.
 11290 | Gauntlet | Got a bound iron ring
 11292 | Gauntlet | Identified the ring "Baseysas" {rPois rF+ rC+++ Str-4
                  | Int-3} (You found it in a Gauntlet)
 11702 | Lair:6   | Reached XP level 15. HP: 58/101 MP: 13/23
 12441 | Lair:6   | Reached skill level 10 in Fighting
 12844 | Orc:1    | Noticed Erica
 12851 | Orc:1    | Killed Erica
 13041 | Orc:2    | Noticed an orc warlord
 13049 | Orc:2    | Killed an orc warlord
 13135 | Orc:2    | Found a staircase to the Elven Halls.
 13136 | Orc:2    | Found Puob Huuguu's Distillery.
 13167 | Orc:2    | Bought a potion of might for 68 gold pieces
 13167 | Orc:2    | Bought a potion of heal wounds for 85 gold pieces
 13167 | Orc:2    | Bought a potion of magic for 136 gold pieces
 13181 | Orc:2    | Found a radiant altar of Vehumet.
 13217 | Orc:2    | Found an ancient bone altar of Kikubaaqudgha.
 13258 | Orc:2    | Found Muyklythre's Gadget Boutique.
 13311 | Orc:2    | Found a roughly hewn altar of Beogh.
 13311 | Orc:2    | Found Moat's Antique Armour Shop.
 13331 | Orc:2    | Reached skill level 10 in Transmutations
 13342 | Orc:2    | Found Pouluelli's Book Boutique.
 13382 | Orc:2    | Bought a wand of digging (7) for 330 gold pieces
 13382 | Orc:2    | Bought a wand of acid (7) for 330 gold pieces
 13382 | Orc:2    | Bought a wand of scattershot (7) for 495 gold pieces
 13409 | Orc:2    | Bought a potion of ambrosia for 136 gold pieces
 13409 | Orc:2    | Bought a potion of curing for 51 gold pieces
 13409 | Orc:2    | Bought a potion of curing for 51 gold pieces
 13635 | Swamp:1  | Entered Level 1 of the Swamp
 14094 | Swamp:1  | Reached XP level 16. HP: 75/108 MP: 20/24
 14166 | Swamp:1  | Learned a level 5 spell: Metabolic Englaciation
 14274 | Swamp:1  | Reached skill level 1 in Hexes
 14576 | Swamp:2  | Slain by a shambling mangrove

Levels and vault maps discovered:
D:1:      dpeg_arrival_three_same_balls, layout_basic, minmay_hexomino_u4
D:2:      layout_basic, nemelex_xobeh_ov_fountains_minmay,
          kennysheep_vampire_church, first_ration, hangedman_decor_growths,
          grunt_ministairs_5
D:3:      layout_loops_corners, led_sif_pool
D:4:      kennysheep_goblin_castle, layout_rooms,
          minmay_overflow_temple_star_hex, serial_shops, shop,
          kennysheep_generic_room_3
D:5:      cheibrodos_iron_armory, layout_layer_cave, portal_sewer_entry_e,
          minmay_misc_feat_five, minmay_misc_feat_secret_circle
D:6:      layout_rooms, kennysheep_ying_yang, tso_altar, uniq_blork_the_orc
D:7:      minmay_chambers_of_sevens, layout_basic, minmay_temple_entry_wispy,
          nrook_pool_corridor, grunt_ogre_cave, nemelex_diamond_rough_becter,
          uniq_prince_ribbit1
D:8:      layout_layer_cave, nicolae_gozag_cash_rules_everything_around_me,
          nicolae_lava_and_water
D:9:      layout_irregular_city, overflow_temple_1_default, lemuel_doored_altar,
          david_orc_5
D:10:     layout_roguey, lair_entry_dummy, basic_altar
D:11:     layout_gridville, minmay_misc_feat_rugged
D:12:     layout_cave_pools
D:13:     layout_loops_ring, grunt_vaults_entry_fortified
D:14:     layout_roguey, lemuel_crystal_altar
D:15:     grunt_enter_depths_giant_problem, layout_loops_ring,
          portal_ice_cave_entry_ice_beasts, roderic_roman_lattice,
          nicolae_qazlal_eye_of_the_storm, uniq_azrael
Temple:   kb_temple_of_zot
Lair:1:   layout_roguey, grunt_megastairs_4, serial_bayou_shore_b
Lair:2:   layout_chaotic_city, spider_nest_entry_funnel_web
Lair:3:   layout_hall_layers, lemuel_fruit_fields, lemuel_fruit_fields
Lair:4:   layout_regular_city, minmay_swamp_entry_reptiles, beast_lair_carwin_4,
          lemuel_fruit_fields
Lair:5:   layout_loops_ring, dpeg_slime_entry_enclosed_altar,
          grunt_megastairs_3, infiniplex_staircase_pool_2
Lair:6:   minmay_lair_end_frog_pond, layout_long_grid, gauntlet_entry_generic,
          worms_lemuel, minmay_lair_oklob_chamber, lemuel_fruit_fields
Swamp:1:  layout_basic_swamp, evilmike_swamp_ruin_house_6, swamp_pool4
Swamp:2:  layout_falls_marsh, serial_swamp_ruin, evilmike_swamp_ruin_house_5,
          evilmike_swamp_ruin_house_2, evilmike_swamp_ruin_house_3, swamp_pool1
Orc:1:    layout_diamond_mine, ebering_ghost_inner_flame, basic_altar,
          minmay_orc_temple_a, uniq_erica
Orc:2:    kennysheep_orc_mage_school, layout_caves

Skill      XL: |  1  2  3  4  5  6  7  8  9 10 11 12 13 14 15 16 |
---------------+-------------------------------------------------+-----
Stealth        | 2 4 5 6 7 8 9 10 13 | 13.3
Unarmed Combat | 1 2 3 4 5 8 9 10 | 10.0
Poison Magic   | 1 2 3 4 5 8 |  8.2
Conjurations   | 1 2 3 4 |  4.0
Air Magic      | 1 2 3 4 |  4.1
Fighting       | 3 4 5 7 8 9 10 | 10.0
Dodging        | 3 4 6 9 11 12 13 | 13.0
Slings         | 3 4 5 |  5.8
Transmutations | 3 5 7 8 10 | 10.7
Invocations    | 2 6 |  6.0
Spellcasting   | 2 3 4 5 |  5.5
Evocations     | 4 7 8 |  8.3
Shields        | 3 4 |  4.0
Hexes          | 2 |  2.1
Short Blades   | |  1.0

Action                   |  1- 3 |  4- 6 |  7- 9 | 10-12 | 13-15 | 16-18 || total
-------------------------+-------+-------+-------+-------+-------+-------++-------
Melee: Short sword       |    44 |    62 |   238 |       |       |       ||   344
       Constrict         |    13 |    19 |    80 |    55 |   106 |     1 ||   274
       Tentacles         |     8 |    16 |    63 |    95 |   184 |     9 ||   375
       Punch             |       |     3 |    19 |    41 |    70 |     3 ||   136
       Unarmed           |       |       |    90 |   406 |   544 |    22 ||  1062
       Hunting sling     |       |       |       |     3 |       |       ||     3
 Fire: Hunting sling     |       |       |    25 |    52 |    46 |     4 ||   127
Throw: Stone             |       |       |     1 |       |       |       ||     1
 Cast: Mephitic Cloud    |       |       |    11 |    27 |    12 |     1 ||    51
       Spider Form       |       |       |       |    12 |       |       ||    12
       Blade Hands       |       |       |       |    18 |    70 |     3 ||    91
Invok: Slouch            |       |       |       |     3 |    14 |     4 ||    21
       Temporal Distorti |       |       |       |       |     8 |       ||     8
 Abil: End Transformatio |       |       |       |       |     1 |       ||     1
Evoke: Wand              |     6 |    16 |    13 |    18 |    45 |       ||    98
       Phial of floods   |       |       |       |       |     1 |       ||     1
  Use: Scroll            |       |       |    17 |     9 |    14 |     2 ||    42
       Potion            |       |       |     1 |     6 |     8 |       ||    15
 Stab: Sleeping          |     5 |     9 |    35 |    12 |    24 |     1 ||    86
       Distracted        |       |     1 |     4 |     3 |     4 |       ||    12
       Betrayed ally     |       |     1 |       |       |       |       ||     1
       Confused          |       |       |     7 |    17 |     4 |     1 ||    29
       Paralysed         |       |       |     4 |       |       |       ||     4
  Eat: Chunk             |       |     1 |    10 |    12 |    17 |     2 ||    42
       Ration            |       |       |       |     2 |     5 |       ||     7
Armor: Skin              |     3 |     3 |    18 |     9 |    12 |       ||    45
Dodge: Dodged            |    28 |    17 |   239 |   364 |   440 |    22 ||  1110
Block: Buckler           |       |       |       |       |    35 |       ||    35

Table legend:
 A = Non-vault XP
 B = Vault XP
 C = Vault XP percentage of total XP
 D = Non-vault monster count
 E = Vault monster count
 F = Vault count percentage of total count
                 A         B        C        D         E       F
            +---------+---------+-------+---------+---------+-------
      Total |   91076 |   42975 |  32.1 |     581 |     269 |  31.6
            +---------+---------+-------+---------+---------+-------
        D:1 |      32 |       5 |  13.5 |      18 |       3 |  14.3
        D:2 |     134 |     131 |  49.4 |      29 |       8 |  21.6
        D:3 |     102 |       0 |   0.0 |      29 |       0 |   0.0
        D:4 |     458 |      14 |   3.0 |      14 |       8 |  36.4
        D:5 |     241 |       0 |   0.0 |       7 |       0 |   0.0
        D:6 |     384 |      87 |  18.5 |       8 |       1 |  11.1
        D:7 |    1009 |       0 |   0.0 |      21 |       0 |   0.0
        D:8 |    2456 |       0 |   0.0 |      36 |       0 |   0.0
        D:9 |    2152 |    1068 |  33.2 |      38 |      23 |  37.7
       D:10 |    2516 |       0 |   0.0 |      30 |       0 |   0.0
       D:11 |    3609 |       0 |   0.0 |      30 |       0 |   0.0
       D:12 |    5219 |       0 |   0.0 |      26 |       0 |   0.0
       D:13 |    3151 |       0 |   0.0 |      15 |       0 |   0.0
       D:14 |    6104 |       0 |   0.0 |      29 |       0 |   0.0
       D:15 |    4362 |    3309 |  43.1 |      20 |      15 |  42.9
     Lair:1 |    3243 |     799 |  19.8 |      14 |       2 |  12.5
     Lair:2 |    1584 |       0 |   0.0 |       4 |       0 |   0.0
     Lair:3 |    3990 |       0 |   0.0 |      17 |       0 |   0.0
     Lair:4 |    7065 |    1200 |  14.5 |      25 |       8 |  24.2
     Lair:5 |    3243 |     355 |   9.9 |      14 |       1 |   6.7
     Lair:6 |   14089 |   17796 |  55.8 |      43 |      65 |  60.2
    Swamp:1 |   16529 |       0 |   0.0 |      34 |       0 |   0.0
    Swamp:2 |    2930 |       0 |   0.0 |       6 |       0 |   0.0
      Orc:1 |    1439 |    1074 |  42.7 |      31 |       8 |  20.5
      Orc:2 |    5035 |    6612 |  56.8 |      43 |      33 |  43.4
      Sewer |       0 |     364 | 100.0 |       0 |      59 | 100.0
      IceCv |       0 |    5568 | 100.0 |       0 |      24 | 100.0
   Gauntlet |       0 |    4593 | 100.0 |       0 |      11 | 100.0
            +---------+---------+-------+---------+---------+-------
